 Dungeon Crawl Stone Soup version 0.32-a0-953-g508020473e (webtiles) character file.

Game seed: 11065378802272866903

1366 Maxmaps the Basher (level 8, -3/78 HPs)
             Began as an Oni Monk on Apr 16, 2024.
             Was a Believer of the Shining One.
             Slain by a two-headed ogre
             ... wielding a +0 giant club
              (18 damage)
             ... on level 6 of the Dungeon.
             The game lasted 00:04:45 (5011 turns).

Maxmaps the Basher (Oni Monk)                       Turns: 5011, Time: 00:04:45

Health: -3/78      AC:  3    Str: 16    XL:     8   Next: 65%
Magic:  8/8        EV:  9    Int: 13    God:    the Shining One [**....]
Gold:   236        SH:  0    Dex: 11    Spells: 7/7 levels left

rFire   . . .        u - +0 morningstar
rCold   . . .        d - orb {light}
rNeg    + + .        b - +0 robe
rPois   .            (helmet restricted)
rElec   .            (no cloak)
rCorr   .            (gloves unavailable)
SInv    .            (boots unavailable)
Will    .....        (no amulet)
Stlth   +            s - ring of positive energy
HPRegen 0.33/turn    (no ring)
MPRegen 0.11/turn

%: no passive effects
@: mighty, on berserk cooldown, slowed, glowing, very slow
A: large, unfitting armour, horns 1, tough skin 1, double potion healing,
drunken brawling
a: Renounce Religion, Divine Shield


You were on level 6 of the Dungeon.
You worshipped the Shining One.
The Shining One was pleased with you.
You visited 1 branch of the dungeon, and saw 6 of its levels.

You collected 356 gold pieces.
You spent 120 gold pieces at shops.

Inventory:

Hand Weapons
 a - a +0 mace
 u - a +0 morningstar (weapon)
 v - a +0 giant club
Armour
 b - a +0 robe (worn)
 d - an orb of light (worn)
Jewellery
 s - a ring of positive energy (left hand)
Wands
 x - a wand of flame (36)
Scrolls
 f - a scroll of poison
 j - a scroll of teleportation
 k - a scroll of blinking
 n - a scroll of revelation
 q - a scroll of enchant armour {unknown}
 w - a scroll of fog {unknown}
Potions
 c - 2 potions of ambrosia
 h - 4 potions of curing
 i - 2 potions of berserk rage
 l - a potion of heal wounds
 o - 3 potions of brilliance
 r - a potion of degeneration {unknown}
 t - a potion of invisibility {unknown}
 z - 2 potions of mutation


   Skills:
 - Level 4.0 Fighting
 + Level 10.8 Maces & Flails
 - Level 2.6 Dodging


You had 7 spell levels left.
You didn't know any spells.
Your spell library contained the following spells:

 Spells                   Type           Power      Damage    Failure   Level
 Magic Dart               Conj           0%         1d3       30%         1
 Blink                    Tloc           0%         N/A       43%         2
 Call Imp                 Summ           0%         N/A       43%         2


Dungeon Overview and Level Annotations

Branches:
Dungeon (6/15)             Temple (0/1) D:5

Altars:
Ashenzari
Makhleb
Ru
Trog
The Shining One

Shops:
D:2 (   D:4 (   D:5 (


Innate Abilities, Weirdness & Mutations

You are too large for most types of armour.
You have a pair of small horns on your head.
You have tough skin. (AC +1)
You gain doubled healing and magic from potions.
Whenever you drink a healing potion, you attack all around you.


Message History

You sock the howler monkey!
You kill the howler monkey!
The orc closely misses you.
You hit the centaur.
The centaur is moderately wounded.
The centaur unwields a +0 orcbow.
The centaur hits you.
* * * LOW HITPOINT WARNING * * *
The centaur misses you.
You puncture the centaur!
The centaur is severely wounded.
The orc hits you but does no damage.
The orc hits you from afar with a +0 trident.
* * * LOW HITPOINT WARNING * * *
You impale the centaur!!
You kill the centaur!
The orc barely misses you.
You sock the orc!
You kill the orc!
The orc barely misses you.
You are no longer berserk.
You are exhausted.
You feel yourself slow down. The orc attacks as it pursues you!
The orc barely misses you.
You savour every drop.
You feel much better. The orc closely misses you.
The orc completely misses you. The orc barely misses you.
The orc hits you from afar with a +0 trident.
Unknown command.
Okay, then.
You feel very mighty all of a sudden.
The two-headed ogre hits you with a +0 giant club! x2
The orc closely misses you.
You puncture the two-headed ogre!
The two-headed ogre is moderately wounded.
A kobold brigand comes into view.
It is wielding a +0 short sword and quivering poisoned darts.
The orc barely misses you.
The two-headed ogre hits you with a +0 giant club!!
* * * LOW HITPOINT WARNING * * *
The two-headed ogre hits you with a +0 giant club!!
You die...

*,* #...>..'.............
*,**#......###.#...######
*,,,#......# #.#...#*****
*,,,#......# #.#.....,,,,
*,,,#......# #.#####...,,
*,,,#......# #..,,,,....,
*,,,#......# ###****,....
*,,,#......# *,,...
*,,,#...@..# *,,,,,
*,,,####O### *,,,..
*****,,,***#o)#******* ****##
*,,,,h........K.....,* ******
*,,,,...............,* *,,,,,
*,,,,...............,* *,,,,,
*,,,,...............,***,,,,,
*,,,,...O.#########.,,***+***
*,,,,#....* ***,,**,*


You could see a two-headed ogre, a kobold brigand and an orc.

Vanquished Creatures
  Grinder (D:3)
  A steam dragon (D:6)
  A water moccasin (D:5)
  An orc warrior (D:6)
  A black bear (D:5)
  An ice beast (D:5)
  2 ogres
  A centaur (D:6)
  A howler monkey (D:6)
  A bombardier beetle (D:4)
  A hound (D:5)
  5 iguanas
  Ijyb (D:5)
  4 adders
  A white imp (D:6)
  2 ribbon worms (D:2)
  3 dart slugs
  14 orcs
  2 bats
  9 endoplasms
  5 giant cockroaches
  6 goblins
  5 hobgoblins
  7 jackals (D:1)
  6 quokkas
  6 ball pythons
  6 frilled lizards
  10 kobolds
  7 rats
111 creatures vanquished.

Vanquished Creatures (others)
  An adder (D:6)
1 creature vanquished.

Grand Total: 112 creatures vanquished

Notes
Turn   | Place    | Note
-------+----------+-------------------------------------------
     0 | D:1      | Maxmaps the Oni Monk began the quest for the Orb.
     0 | D:1      | Reached XP level 1. HP: 24/24 MP: 1/1
    38 | D:1      | Reached XP level 2. HP: 4/32 MP: 2/2
   454 | D:1      | Reached skill level 4 in Maces & Flails
   458 | D:1      | Reached XP level 3. HP: 30/39 MP: 3/3
   576 | D:1      | Found a faded altar of an unknown god.
  1047 | D:2      | You fall into a shaft and drop 1 floor!
  1390 | D:2      | Reached XP level 4. HP: 48/48 MP: 4/4
  1450 | D:2      | Found Leluss's Weapon Emporium.
  1648 | D:2      | Reached skill level 5 in Maces & Flails
  2218 | D:3      | Noticed Grinder
  2236 | D:3      | Killed Grinder
  2237 | D:3      | Reached skill level 6 in Maces & Flails
  2237 | D:3      | Reached XP level 5. HP: 21/54 MP: 5/5
  2237 | D:3      | Reached XP level 6. HP: 25/62 MP: 6/6
  2663 | D:4      | Reached skill level 7 in Maces & Flails
  2935 | D:4      | Found Qicroc's Antique Weapon Boutique.
  3061 | D:4      | Bought a morningstar for 120 gold pieces
  3074 | D:4      | Found a burning altar of Makhleb.
  3079 | D:4      | Reached XP level 7. HP: 34/70 MP: 7/7
  3265 | D:4      | Found a glowing golden altar of the Shining One.
  3265 | D:4      | Found a broken altar of Ashenzari.
  3265 | D:4      | Found a sacrificial altar of Ru.
  3268 | D:4      | Found a bloodstained altar of Trog.
  3369 | D:4      | Became a worshipper of the Shining One
  3369 | D:4      | Reached * piety under the Shining One
  3369 | D:4      | Reached ** piety under the Shining One
  3389 | D:5      | Entered Level 5 of the Dungeon
  3399 | D:5      | Reached skill level 8 in Maces & Flails
  3644 | D:5      | Found a staircase to the Ecumenical Temple.
  3728 | D:5      | Found Gusoeseo's Weapon Shop.
  3893 | D:5      | Reached skill level 9 in Maces & Flails
  4230 | D:5      | Reached XP level 8. HP: 26/78 MP: 8/8
  4421 | D:5      | Noticed Ijyb
  4433 | D:5      | Killed Ijyb
  4930 | D:6      | Noticed a two-headed ogre
  4991 | D:6      | Reached skill level 10 in Maces & Flails
  5011 | D:6      | Slain by a two-headed ogre

Illustrated notes

Levels and vault maps discovered:
D:1:      dpeg_arrival_shelter, layout_loops_ring,
          shapermc_ecumenical_altar_acropolis, minmay_lizard_pond
D:2:      layout_loops_ring, serial_shops, nicolae_shop_tiny_real_fake_doors
D:3:      kennysheep_big_flooded_room, layout_basic, uniq_grinder
D:4:      layout_rooms, grunt_temple_overflow_open,
          mainiacjoe_overflow_small_starburst, serial_shops,
          nicolae_shop_tiny_glass
D:5:      layout_loops_corners, minmay_temple_entry_statues_pillars,
          serial_shops, nicolae_shop_behind_doors, uniq_ijyb
D:6:      layout_basic, portal_sewer_entry_e, moated_statue, uniq_blork_the_orc

Skill      XL: |  1  2  3  4  5  6  7  8 |
---------------+-------------------------+-----
Maces & Flails | 4 6 7 9 10 | 10.8
Fighting       | |  4.0
Dodging        | |  2.6

Action                     |  1- 3 |  4- 6 |  7- 9 || total
---------------------------+-------+-------+-------++-------
  Melee: Mace              |   103 |   114 |       ||   217
         Headbutt          |    16 |    24 |    19 ||    59
         Morningstar       |       |     3 |    76 ||    79
    Use: Scroll            |       |       |    14 ||    14
         Potion            |       |       |     4 ||     4
 Armour: Robe              |    83 |    83 |    67 ||   233
  Dodge: Dodged            |    68 |    42 |    54 ||   164

Table legend: (Time is in decaauts)
 A = Elapsed time spent in this place.
 B = Non-inter-level travel time spent in this place.
 C = Inter-level travel time spent in this place.
 D = Time resting spent in this place.
 E = Time spent auto-exploring this place.
 F = Levels seen in this place.
 G = Mean time per level.
                   A        B        C        D        E       F      G
               +--------+--------+--------+--------+--------+-----+--------+
         Total |   5040 |   4801 |    239 |    194 |   3869 |   6 |  840.0 |
       Dungeon |   5040 |   4801 |    239 |    194 |   3869 |   6 |  840.0 |
               +--------+--------+--------+--------+--------+-----+--------+

Top non-repeatable levels by time:
     D:5: 1397 daAuts
     D:1: 936 daAuts
     D:3: 924 daAuts
     D:2: 796 daAuts
     D:4: 761 daAuts
     D:6: 223 daAuts
